AoeStats
← Lil Fabrice

Nomad

510068468Analyzed
4v4 RM · 3d ago on Sep 29, 2026· 36m 29s· 8 players
Game mode
Random Map
Map size
231×231
Population
200
Speed
Normal
Resources
Standard
Victory
Conquest
Starting age
Dark Age
Ending age
Imperial Age
RankedLock teamsTeams togetherTeam positionsShared explorationLock speedFull tech treeHidden civsTurbo modeCheats
Victory
Defeat
🇮🇳 Vikings · India
2095
+2
🇻🇳 Koreans · Vietnam
1965
+3
🇨🇳 Persians · China
1836
+4
🇨🇳 Sicilians · China
1695
+8
🇹🇼 Malians · Taiwan
1621
-6
🇨🇴 Shu · Colombia
1576
-4
🇫🇷 Vietnamese · France
1571
-4
🇨🇳 Muisca · China
1466
-3
ÐàLat«Gô°Kµ»
14:23 Feudal Age
15:18 Loom
15:50 Town Watch
18:40 Castle Age
16:38 Gold Mining
16:35 Double-Bit Axe
16:32 Fishing Lines
19:49 Medium Warships
19:35 Gillnets
25:11 Fletching
26:54 Bodkin Arrow
29:16 Bow Saw
34:11 Wheelbarrow
34:14 Ballistics
34:32 Husbandry
38:51 Imperial Age
36:51 Husbandry
36:58 Thumb Ring
37:17 Hand Cart
DS_Dragonstar
14:25 Feudal Age
17:58 Castle Age
15:57 Double-Bit Axe
15:55 Fishing Lines
17:52 Gold Mining
18:02 Fletching
18:38 Bodkin Arrow
19:16 Bow Saw
19:10 Loom
19:10 Town Watch
21:33 Gillnets
23:06 Horse Collar
24:35 Heavy Plow
27:20 Gold Shaft Mining
26:35 Stone Mining
30:20 Imperial Age
28:43 Padded Archer Armor
29:37 Ballistics
29:34 Crossbowman
31:11 Bracer
32:12 Chemistry
30:34 Arbalester
32:19 Two-Man Saw
31:53 Leather Archer Armor
32:35 Conscription
33:10 Coinage
33:34 Ring Archer Armor
34:10 Bogsveigar
34:54 Banking
35:50 Crop Rotation
35:56 Siege Engineers
小白
4:57 Loom
13:25 Feudal Age
17:10 Castle Age
15:06 Double-Bit Axe
15:51 Horse Collar
18:08 Bow Saw
23:07 Scale Barding Armor
24:58 Bow Saw
24:50 Heavy Plow
25:04 Bloodlines
26:13 Wheelbarrow
27:54 Husbandry
28:02 Gold Mining
29:16 Fletching
33:38 Gold Shaft Mining
33:53 Hand Cart
35:48 Ballistics
38:43 Imperial Age
37:21 Chain Barding Armor
十大地方
5:19 Loom
13:14 Feudal Age
17:55 Castle Age
16:05 Double-Bit Axe
17:44 Light Cavalry
18:56 Bow Saw
19:30 Scale Barding Armor
34:50 Imperial Age
35:58 Chain Barding Armor
35:41 Fletching
Wuyen
13:57 Feudal Age
14:36 Fishing Lines
15:18 Double-Bit Axe
15:28 Loom
18:09 Castle Age
17:10 Gold Mining
17:48 Forging
21:59 Wheelbarrow
21:33 Town Watch
25:38 Squires
26:53 Horse Collar
28:08 Arson
29:00 Tigui
32:28 Scale Mail Armor
34:45 Iron Casting
36:00 Chain Mail Armor
jmolinao
3:26 Loom
11:46 Feudal Age
12:14 Town Watch
12:50 Double-Bit Axe
18:23 Castle Age
17:23 Wheelbarrow
17:18 Horse Collar
17:32 Gold Mining
19:18 Medium Warships
19:22 Bow Saw
19:29 Pikeman
26:01 Fletching
27:23 Scale Mail Armor
28:25 Heavy Plow
33:22 Chain Mail Armor
33:18 Forging
33:57 Hand Cart
33:28 Town Watch
34:12 Bodkin Arrow
35:41 Padded Archer Armor
大空魔术师
3:24 Loom
14:49 Feudal Age
18:37 Castle Age
19:47 Double-Bit Axe
26:57 Medium Warships
27:02 Fletching
33:15 Sanctity
33:05 Fervor
35:41 Bow Saw
35:23 Gold Mining
Lil Fabrice
10:34 Loom
14:05 Feudal Age
15:04 Double-Bit Axe
18:26 Castle Age
18:22 Fletching
18:25 Gold Mining
19:35 Crossbowman
Connection lost

Rejoining the realm…

Still unreachable

The connection could not be restored.

Session expired

The server has moved on; the page needs a fresh start.